 Dungeon Crawl Stone Soup version 0.31-a0-564-g3b7de12 (webtiles) character file.

Game seed: 5288408102615331192

59 Bundar the Trooper (level 3, 0/29 HPs)
             Began as a Demonspawn Monk on Aug 17, 2023.
             Slain by Robin
             ... wielding a +8 club
              (10 damage)
             ... on level 2 of the Dungeon.
             The game lasted 00:05:25 (960 turns).

Bundar the Trooper (Demonspawn Monk)                 Turns: 960, Time: 00:05:25

Health: 0/29       AC:  6    Str: 13    XL:     3   Next: 78%
Magic:  3/3        EV: 12    Int: 11    God:
Gold:   28         SH:  0    Dex: 15    Spells: 2/2 levels left

rFire   . . .        f - +0 trident
rCold   . . .        d - orb {light}
rNeg    + . .        a - +1 leather armour
rPois   .            (no helmet)
rElec   .            (no cloak)
rCorr   .            (no gloves)
SInv    .            (no boots)
Will    .....        e - amulet of faith
Stlth   +            b - ring of positive energy
HPRegen 0.24/turn    (no ring)
MPRegen 0.08/turn

%: faith
@: glowing
A: slimy green scales 1, demonic guardian 1
a: no special abilities


You were on level 2 of the Dungeon.
You visited 1 branch of the dungeon, and saw 2 of its levels.

You collected 28 gold pieces.

Inventory:

Hand Weapons
 f - a +0 trident (weapon)
Armour
 a - a +1 leather armour (worn)
 d - an orb of light (worn)
Jewellery
 b - a ring of positive energy (left hand)
 e - an amulet of faith (around neck)
Scrolls
 h - a scroll of enchant weapon {unknown}
Potions
 c - a potion of ambrosia


   Skills:
 + Level 3.4 Fighting
 + Level 3.0 Long Blades
 + Level 1.6 Polearms
 + Level 0.4 Armour
 + Level 3.1 Dodging


You had 2 spell levels left.
You didn't know any spells.
Your spell library contained the following spells:

 Spells                   Type           Power      Damage    Failure   Level
 Foxfire                  Conj/Fire      0%         2x1d4     41%         1
 Plasma Beam              Fire/Air       0%         2x1d10    100%        6
 Starburst                Conj/Fire      0%         6d3       100%        6


Dungeon Overview and Level Annotations

Branches:
Dungeon (2/15)

Altars:

Shops:
D:2 ?

Annotations:
D:2 Robin


Innate Abilities, Weirdness & Mutations

You are partially covered in slimy green scales. (AC +2)
A weak demonic guardian rushes to your aid.


Message History

You puncture the goblin!
You kill the goblin!
You hit the hobgoblin.
You kill the hobgoblin!
The goblin closely misses you.
You hit the goblin.
The goblin is moderately wounded.
Robin throws the goblin at you! The goblin hits you with a +0 club.
You puncture the goblin!
You kill the goblin!
The goblin hits you but does no damage.
You barely miss the goblin. The hobgoblin barely misses you.
The goblin closely misses you.
Robin says, "Bow before me, strongest of all the hobgoblins!"
You puncture the goblin!
You kill the goblin!
The hobgoblin barely misses you. The hobgoblin closely misses you.
Robin roars a battlecry!
The hobgoblins go into a battle-frenzy!
You barely miss the hobgoblin. The hobgoblin barely misses you.
You hit the hobgoblin but do no damage. The hobgoblin hits you.
You puncture the hobgoblin!
You kill the hobgoblin!
You hit Robin but do no damage. Robin completely misses you.
You hit Robin.
Robin is moderately wounded.
Robin barely misses you. Robin hits you with a +8 club.
You hit Robin.
Robin is moderately wounded.
Robin hits you with a +8 club.
You hit Robin.
Robin is severely wounded.
Robin hits you with a +8 club.
You hit Robin.
Robin is almost dead.
Robin hits you but does no damage.
You hit Robin but do no damage.
Robin is almost dead.
Robin hits you with a +8 club!
You die...

.............###.#
#...........# ..
##......)....# .#
...(.........####
..
.......[.?.......
..
.#...........####
. ........)....#
##..######)### #.
#@# #g# .g. ....∩
#####.. ... ....
....


You could see Robin and a hobgoblin (strong).

Vanquished Creatures
  2 adders (D:2)
  A dart slug (D:1)
  A ball python (D:1)
  A giant cockroach (D:2)
  10 goblins
  10 hobgoblins
  3 jackals (D:1)
  A bat (D:1)
  2 frilled lizards (D:1)
  A kobold (D:1)
  2 rats (D:1)
34 creatures vanquished.

Notes
Turn   | Place    | Note
-------+----------+-------------------------------------------
     0 | D:1      | Bundar the Demonspawn Monk began the quest for the Orb.
     0 | D:1      | Reached XP level 1. HP: 18/18 MP: 1/1
   519 | D:1      | Gained mutation: You are partially covered in slimy green
                  | scales. (AC +2) [demonic ancestry]
   519 | D:1      | Reached XP level 2. HP: 24/24 MP: 2/2
   904 | D:2      | Reached skill level 1 in Polearms
   904 | D:2      | Gained mutation: A weak demonic guardian rushes to your
                  | aid. [demonic ancestry]
   904 | D:2      | Reached XP level 3. HP: 29/29 MP: 3/3
   927 | D:2      | Found a faded altar of an unknown god.
   935 | D:2      | Found Diuph's Magic Scroll Shop.
   935 | D:2      | Noticed Robin
   960 | D:2      | Slain by Robin

Illustrated notes

Levels and vault maps discovered:
D:1:      wheals_arrival_linesprint, layout_basic, corexii_corridor_pit
D:2:      layout_rooms, serial_shops, shop, basic_ecumenical_altar, uniq_robin

Skill      XL: |  1  2  3 |
---------------+----------+-----
Polearms       | 1 |  1.6
Long Blades    | 3 |  3.0
Dodging        | 3 |  3.1
Fighting       | |  3.4
Armour         | |  0.4

Action                     || total
---------------------------++-------
  Melee: Trident           ||    76
         Falchion          ||     4
    Use: Scroll            ||     2
 Armour: Leather armour    ||    23
         Robe              ||     1
  Dodge: Dodged            ||    52

Table legend: (Time is in decaauts)
 A = Elapsed time spent in this place.
 B = Non-inter-level travel time spent in this place.
 C = Inter-level travel time spent in this place.
 D = Time resting spent in this place.
 E = Time spent auto-exploring this place.
 F = Levels seen in this place.
 G = Mean time per level.
                   A        B        C        D        E       F      G
               +--------+--------+--------+--------+--------+-----+--------+
         Total |    982 |    982 |      0 |      0 |      0 |   2 |  491.0 |
       Dungeon |    982 |    982 |      0 |      0 |      0 |   2 |  491.0 |
               +--------+--------+--------+--------+--------+-----+--------+

Top non-repeatable levels by time:
     D:1: 899 daAuts
     D:2: 82 daAuts
